 Dungeon Crawl Stone Soup version 0.29-a0-334-gb41bcbb86e (webtiles) character file.

Game seed: 16179826015816271083

8 spaghetti the Sneak (level 2, -1/24 HPs)
             Began as a Demonspawn Delver on Apr 13, 2022.
             Slain by an ufetubus (2 damage)
             ... on level 5 of the Dungeon.
             The game lasted 00:00:27 (53 turns).

spaghetti the Sneak (Demonspawn Delver)               Turns: 53, Time: 00:00:27

Health: -1/24      AC:  3    Str: 12    XL:     2   Next: 0%
Magic:  2/2        EV: 11    Int: 11    God:
Gold:   0          SH:  0    Dex: 14    Spells: 1/1 levels left

rFire   . . .      SeeInvis .   a - +0 falchion {long}
rCold   . . .      Faith    .   (no shield)
rNeg    . . .      Spirit   .   b - +0 leather armour
rPois   .          Reflect  .   (helmet restricted)
rElec   .          Harm     .   (no cloak)
rCorr   .          Rampage  .   (no gloves)
Will    .....                   (no boots)
Stlth   +++.......              (no amulet)
HPRegen 0.08/turn               (no ring)
MPRegen 0.08/turn               (no ring)

@: hasted, very quick
A: antennae 1
a: no special abilities


You were on level 5 of the Dungeon.
You visited 1 branch of the dungeon, and saw 2 of its levels.


Innate Abilities, Weirdness & Mutations

You have a pair of small antennae on your head.


   Skills:
 - Level 3.0 Fighting
 - Level 1.7 Long Blades
 - Level 1.7 Dodging
 + Level 4.9 Stealth


You had one spell level left.
You didn't know any spells.
Your spell library was empty.

Inventory:

Hand Weapons
 a - a +0 falchion (weapon) {long}
Armour
 b - a +0 leather armour (worn)
Wands
 g - a wand of digging (3)
Scrolls
 c - a scroll of fog
 e - a scroll of fear

Dungeon Overview and Level Annotations

Branches:
Dungeon (6/15)
 Temple: D:4-7

Altars:
Okawaru

*,*,***** ***** *,*,*
**,,,, *,*,* **,,<**
*,*,* *******,,*,,,
#,*,* *,,,,,,,,,,**
#.*,******,*******,**
*..,,,,,#*,* *,***
**#.###.##.# *,,,,
#..@5....# *****
#####.####**********
*,..,,,,,,,,,,,,
***##***********


You could see an ufetubus.


Message History

Press ? for a list of commands and other information.
Found a stone staircase leading down.
Really read
d - a scroll of magic mapping {!r}?
As you read the scroll of magic mapping {!r}, it crumbles to dust.
You feel aware of your surroundings.
You can't go up here!
You climb downwards.
You hear the hiss of flowing sand.
There is an entrance to an ossuary on this level.
Hurry and find it before the portal is buried!
There is a stone staircase leading up here.
Unknown command.
Found an iron altar of Okawaru.
An orc comes into view.
It is wielding a +0 hand axe. 3 orcs come into view.
The orc shouts! x2; You hear a shout!
The orc shouts!
The orc completely misses you.
You hear a shout!
You closely miss the orc. The orc misses you.
You barely miss the orc. The orc closely misses you.
An orc comes into view. It is wielding a +0 short sword.
You completely miss the orc. The orc misses you.
You barely miss the orc. The orc hits you but does no damage.
You closely miss the orc.
An ufetubus comes into view.
The orc misses you.
An ice beast comes into view.
The ufetubus moves out of view.
You hit the orc. The orc closely misses you.
You hit the orc.
You kill the orc!
You hit the orc.
The orc hits you with a +0 hand axe. 😕 HP[-1]
You take 1 damage, and now have 17/18 hp.
You closely miss the orc. The orc closely misses you. x2
You hit the orc. The orc misses you.
You hit the orc. The orc closely misses you.
You slash the orc!
You kill the orc! 😎 HP[+1]
Your hp is fully restored (18).
You hit the orc. The orc closely misses you.
You slash the orc!
You kill the orc!
The orc hits you with a +0 dagger. 😕 HP[-3]
You take 3 damage, and now have 15/18 hp.
You hit the orc. The orc barely misses you.
You slash the orc!
You kill the orc!
The ufetubus hits you.
The ufetubus hits you but does no damage.
You have reached level 2!
Your demonic ancestry asserts itself...
A pair of antennae grows on your head! 😮 HP[+1] MP[+1]
You now have 24 max hp (+6).
Your mp is fully restored (2).
You hit the ufetubus. The ufetubus closely misses you.
The ufetubus barely misses you. The ufetubus hits you.
The ufetubus hits you but does no damage. 😮 HP[-3]
You take 3 damage, and now have 13/24 hp.
You miss the ufetubus. The ufetubus misses you.
The ufetubus closely misses you. x2; The ufetubus hits you.
* * * LOW HITPOINT WARNING * * *
😨 HP[-1]
You take 1 damage, and now have 12/24 hp.
You barely miss the ufetubus. The ufetubus hits you.
* * * LOW HITPOINT WARNING * * *
The ufetubus misses you. The ufetubus closely misses you.
The ufetubus hits you.
* * * LOW HITPOINT WARNING * * *
😨 HP[-5]
You take 5 damage, and now have 7/24 hp.
MASSIVE DAMAGE!! (PAUSE)
You feel yourself speed up. The ufetubus barely misses you.
The ufetubus closely misses you.
Unknown command.
Unknown command. 😨 HP[+1]
There is a stone staircase leading up here.
The ufetubus hits you.
* * * LOW HITPOINT WARNING * * *
The ufetubus hits you but does no damage.
You climb upwards.
There is a stone staircase leading down here. 😱 HP[-2]
You take 2 damage, and now have 6/24 hp.
Unknown command.
Unknown command.
You closely miss the ufetubus. The ufetubus hits you.
* * * LOW HITPOINT WARNING * * *
The ufetubus hits you.
* * * LOW HITPOINT WARNING * * *
😱 HP[-5]
You take 5 damage, and now have 1/24 hp.
MASSIVE DAMAGE!! (PAUSE)
You closely miss the ufetubus. The ufetubus barely misses you.
The ufetubus hits you but does no damage.
You miss the ufetubus. The ufetubus closely misses you. The ufetubus hits you.
You die...

Action                   || total
-------------------------++-------
Melee: Falchion          ||    22
  Use: Scroll            ||     1
       Potion            ||     1
Armor: Leather armour    ||     5
Dodge: Dodged            ||    23

Levels and vault maps discovered:
D:5:      layout_loops_ring, gammafunk_ghost_necromancy, uniq_ijyb
D:6:      layout_basic, mainiacjoe_overflow_tiny_flanked,
          minmay_temple_entry_drinking_statues, nicolae_ossuary_entry_giza

Notes
Turn   | Place    | Note
-------+----------+-------------------------------------------
     0 | D:5      | spaghetti the Demonspawn Delver began the quest for the
                  | Orb.
     0 | D:5      | Reached XP level 1. HP: 18/18 MP: 1/1
     0 | D:5      | magus.rc [v1.9.6]
     3 | D:6      | Found an iron altar of Okawaru.
    24 | D:6      | Noticed an ice beast
    36 | D:6      | Gained mutation: You have a pair of small antennae on your
                  | head. [demonic ancestry]
    36 | D:6      | Reached XP level 2. HP: 16/24 MP: 2/2
    49 | D:6      | HP: 6/24 [ufetubus (2)]
    51 | D:5      | HP: 1/24 [ufetubus (3)]
    53 | D:5      | Slain by an ufetubus

Vanquished Creatures
  4 orcs (D:6)
4 creatures vanquished.

Table legend:
 A = Non-vault XP
 B = Vault XP
 C = Vault XP percentage of total XP
 D = Non-vault monster count
 E = Vault monster count
 F = Vault count percentage of total count
                 A         B        C        D         E       F
            +---------+---------+-------+---------+---------+-------
      Total |      12 |       0 |   0.0 |       4 |       0 |   0.0
            +---------+---------+-------+---------+---------+-------
        D:6 |      12 |       0 |   0.0 |       4 |       0 |   0.0
            +---------+---------+-------+---------+---------+-------

Illustrated notes

Table legend:
 A = Kills in this place as a percentage of kills in entire the game.
 B = Kills by you in this place as a percentage of kills by you in the entire game.
 C = Kills by friends in this place as a percentage of kills by friends in the entire game.
 D = Other kills in this place as a percentage of other kills in the entire game.
 E = Experience gained in this place as a percentage of experience gained in the entire game.
 F = Experience gained in this place divided by the number of levels of this place that you have seen.
                   A       B       C       D       E      F
               +-------+-------+-------+-------+-------+----------------------
         Total | 100.0 | 100.0 |   N/A |   N/A | 100.0 |   6.0
       Dungeon | 100.0 | 100.0 |   N/A |   N/A | 100.0 |   6.0
               +-------+-------+-------+-------+-------+----------------------

Table legend: (Time is in decaauts)
 A = Elapsed time spent in this place.
 B = Non-inter-level travel time spent in this place.
 C = Inter-level travel time spent in this place.
 D = Time resting spent in this place.
 E = Time spent auto-exploring this place.
 F = Levels seen in this place.
 G = Mean time per level.
                   A        B        C        D        E       F      G
               +--------+--------+--------+--------+--------+-----+--------+
         Total |     52 |     52 |      0 |      0 |     11 |   2 |   26.0 |
       Dungeon |     52 |     52 |      0 |      0 |     11 |   2 |   26.0 |
               +--------+--------+--------+--------+--------+-----+--------+

Top non-repeatable levels by time:
     D:6: 48 daAuts
     D:5: 4 daAuts
